 Dungeon Crawl Stone Soup version 0.19.5 (webtiles) character file.

172588 HeyBub the Tortoise (level 17, 0/148 HPs)
             Began as a Minotaur Fighter on May 18, 2017.
             Was the Champion of Okawaru.
             Slain by a juggernaut (76 damage)
             ... on level 2 of the Depths.
             The game lasted 01:25:56 (24597 turns).

HeyBub the Tortoise (Minotaur Fighter)             Turns: 24597, Time: 01:25:58

Health: 0/148      AC: 26    Str: 43    XL:     17   Next: 41%
Magic:  21/21      EV: 19    Int:  9    God:    Okawaru [******]
Gold:   4181       SH: 23    Dex: 23    Spells: 0 memorised, 16 levels left

rFire  + . .     SeeInvis +     j - +9 scimitar of the Special Beds {slice, rElec rPois rC- MR+++ SInv}
rCold  + . .     Gourm    .     G - +8 chain mail of the Doge {rElec Str+7 Int-2}
rNeg   . . .     Faith    .     z - +5 shield of Fortification {*Slow rC++ Int+5}
rPois  +         Spirit   .     U - +2 hat
rElec  +         Reflect  .     (no cloak)
rCorr  .         Harm     +     p - +0 pair of gloves of the Doge {rPois rF+ MR+}
MR     ++++.                    h - -3 pair of boots "Dinlawke" {Str+3 Dex+7}
Stlth  ..........               P - amulet "Woeff" {Harm *Drain +Inv rPois}
                                s - +5 ring of strength
                                J - ring of Egomania {MR- Str+3 Dex+4 Slay+5}

@: very slightly contaminated
A: retaliatory headbutt, horns 2, low mp 1
a: Heroism, Finesse, Renounce Religion, Evoke Invisibility


You were on level 2 of the Depths.
You worshipped Okawaru.
Okawaru was exalted by your worship.
You were not hungry.

You visited 4 branches of the dungeon, and saw 25 of its levels.
You also visited: Labyrinth and Bailey.

You collected 6717 gold pieces.
You spent 2536 gold pieces at shops.

Inventory:

Hand Weapons
 j - the +9 scimitar of the Special Beds (weapon) {slice, rElec rPois rC- MR+++ SInv}
   (Okawaru gifted it to you on level 13 of the Dungeon)

   It inflicts extra damage upon your enemies.
   It makes you vulnerable to cold.
   It insulates you from electricity.
   It protects you from poison.
   It affects your resistance to hostile enchantments.
   It lets you see invisible.
 H - the +5 hunting sling "Ziorolaph" {venom, rC+ MR+ Int+3 SInv}
   (Okawaru gifted it to you in a bailey)

   It poisons the ammo it fires.
   It affects your intelligence (+3).
   It protects you from cold.
   It affects your resistance to hostile enchantments.
   It lets you see invisible.
 K - a +4 hunting sling of flaming
Missiles
 W - 19 sling bullets
Armour
 e - a +0 pair of gloves of archery
 h - the -3 pair of boots "Dinlawke" (worn) {Str+3 Dex+7}
   (You found it on level 5 of the Lair of Beasts)

   It affects your strength (+3).
   It affects your dexterity (+7).
 p - the +0 pair of gloves of the Doge (worn) {rPois rF+ MR+}
   (Okawaru gifted it to you on level 1 of the Depths)

   It protects you from fire.
   It protects you from poison.
   It affects your resistance to hostile enchantments.
 y - the +7 Kryia's mail coat {DeviceHeal*2 rC+}
   (Okawaru gifted it to you on level 6 of the Lair of Beasts)

   It protects you from cold.
 z - the +5 shield of Fortification (worn) {*Slow rC++ Int+5}
   (You found it on level 3 of the Lair of Beasts)

   It affects your intelligence (+5).
   It greatly protects you from cold.
   It may slow you when you take damage.
 A - a +3 large shield of reflection
 G - the +8 chain mail of the Doge (worn) {rElec Str+7 Int-2}
   (You bought it in a shop on level 2 of the Orcish Mines)

   It affects your strength (+7).
   It affects your intelligence (-2).
   It insulates you from electricity.
 I - the +5 scale mail of Omycaops {rElec rCorr Stlth-}
   (You found it on level 1 of the Depths)

   It insulates you from electricity.
   It protects you from acid and corrosion.
   It makes you less stealthy.
 M - the +1 ring mail "Higuon" {rC- Dex+6}
   (You bought it in a shop on level 2 of the Orcish Mines)

   It affects your dexterity (+6).
   It makes you vulnerable to cold.
 O - a +3 plate armour of cold resistance
 U - a +2 hat (worn)
Jewellery
 c - a +6 amulet of reflection
 o - the ring "Xigrupni" {MR+ Int+5}
   (You found it in a labyrinth)

   [ring of protection from magic]

   It affects your intelligence (+5).
   It affects your resistance to hostile enchantments.
 s - a +5 ring of strength (right hand)
 J - the ring of Egomania (left hand) {MR- Str+3 Dex+4 Slay+5}
   (You bought it in a shop on level 2 of the Orcish Mines)

   [ring of dexterity]

   It affects your strength (+3).
   It affects your dexterity (+4).
   It affects your accuracy and damage with ranged weapons and melee attacks
   (+5).
   It affects your resistance to hostile enchantments.
 P - the amulet "Woeff" (around neck) {Harm *Drain +Inv rPois}
   (You acquired it on level 2 of the Lair of Beasts)

   [amulet of harm]

   It increases damage dealt and taken.
   It protects you from poison.
   It lets you turn invisible.
   It causes draining when unequipped.
Wands
 a - a wand of polymorph (12/24)
 d - a wand of paralysis (5/24)
 g - a wand of flame (17/48)
 i - a wand of random effects (19/48)
 n - a wand of teleportation (4/9)
 q - a wand of lightning (8/15)
 r - a wand of heal wounds (6/9)
 D - a wand of slowing (14/48)
Scrolls
 C - a scroll of amnesia
 F - 4 scrolls of remove curse
 S - a scroll of fog
 T - 7 scrolls of teleportation
Potions
 k - 5 potions of brilliance
 l - 3 potions of flight
 m - a potion of haste
 v - a potion of heal wounds
 B - 2 potions of berserk rage
 E - a potion of invisibility
 N - 2 potions of ambrosia
 R - a potion of magic
 X - a potion of might
Miscellaneous
 b - a phantom mirror
 t - a disc of storms
 u - a fan of gales
 x - a lamp of fire
Comestibles
 f - 15 bread rations
 Z - 4 meat rations


   Skills:
 - Level 12.4 Fighting
 - Level 12.9 Long Blades
 - Level 13.3 Slings
 + Level 20.3 Armour
 - Level 10.8 Dodging
 - Level 1.0 Stealth
 - Level 18.2 Shields
 - Level 8.0 Invocations
 - Level 10.0 Evocations


You had 16 spell levels left.
You didn't know any spells.

Dungeon Overview and Level Annotations

Branches:
Dungeon (15/15)            Temple (0/1) D:6            Lair (6/6) D:11
 Shoals (0/4) Lair:2        Snake (0/4) Lair:3        Slime (0/5) Lair:6
    Orc (2/2) D:9             Elf (0/3) Orc:2        Vaults (0/5) D:13
 Depths (2/5) D:15

Altars:
Elyvilon
Gozag
Hepliaklqana
Kikubaaqudgha
Makhleb
Nemelex Xobeh
Okawaru
Ru
Trog
Vehumet
Xom
The Shining One
Beogh
Jiyva

Shops:
D:7 ?   D:10 :   Orc:2 [(=*   Depths:1 *

Portals:
Hell: Lair:6 Depths:1

Annotations:
D:13 2 runed doors


Innate Abilities, Weirdness & Mutations

You reflexively headbutt those who attack you in melee.
You have a pair of horns on your head.
Your magical capacity is low. (-10% MP)


Message History

The juggernaut is lightly wounded.
Firing (i - inventory):
W - 21 sling bullets (quivered)
Press: ? - help, Shift-Dir - straight line, f/p - juggernaut
Aim: a juggernaut (lightly wounded, poisoned)
You shoot a sling bullet. The sling bullet hits the juggernaut.
The juggernaut looks as sick as possible!
The juggernaut is moderately wounded.
Firing (i - inventory):
W - 20 sling bullets (quivered)
Press: ? - help, Shift-Dir - straight line, f/p - juggernaut
Aim: a juggernaut (moderately wounded, poisoned)
You shoot a sling bullet.
The sling bullet hits the juggernaut but does no damage.
The juggernaut looks as sick as possible!
The juggernaut is moderately wounded.
Wield which item (- for none, * to show all)? (? for menu, Esc to quit)
The +5 hunting sling "Ziorolaph" {venom, rC+ MR+ Int+3 SInv} stops dripping with poison.
j - the +9 scimitar of the Special Beds (weapon)
{slice, rElec rPois rC- MR+++ SInv} The juggernaut hits you!!!
Ouch! That really hurt!
You die...

#############≈ ##...
.###########≈# ....(.
...##≈≈≈≈≈§≈#
#+...(.#
.#.##≈§.(..)##.#+...#
.X
.#..#§(..#...+#.#+(.
#.#.
#..##§...#....+#.#C
(...
...##≈[##(.(...+#)#
§§§§
.#.##≈...(((.<..C#
#§§
#'######'#+#....@##≈#
(#.####.#.###....(≈#
)...#......#+.....≈#
#..#'#.>P⌠..#..##§≈#
.#(.#..P8P.#+.#..§§#
#.)#+#.⌠P>..#.#..§§#
....#......##%§§§§≈#
#####..#.#.##≈§§§§≈#
.##+#+##########


You could see a juggernaut and a stone giant.

Vanquished Creatures
  Mara (Depths:1)
  Jory (Depths:1)
  2 tentacled monstrosities (Depths:2)
  A titan (Depths:2)
  A sphinx (Depths:2)
  Kirke (Lair:4)
  A tengu reaver (Depths:2)
  A deep elf sorcerer (Depths:2)
  3 frost giants (Depths:2)
  2 ghost moths (Depths:1)
  An orc warlord (Orc:2)
  4 very ugly things (Depths:2)
  7 stone giants
  5 vampire knights
  A dire elephant (Lair:6)
  A minotaur (Lab)
  Snorg (Lair:4)
  An ettin (Depths:2)
  4 great orbs of eyes
  Josephine (Lair:6)
  3 yaktaur captains
  The ghost of HeyBub the Carver, a journeyman MiFi of Trog (Orc:2)
  Fannar (Lair:3)
  4 ice dragons
  Harold (D:11)
  12 hydras
  A rakshasa (Depths:1)
  10 death yaks
  A spriggan air mage (Depths:2)
  The ghost of miculber the Commander, a novice DsWn of Okawaru (D:8)
  An ogre mage (Depths:2)
  Erica (D:8)
  8 centaur warriors
  7 tengu warriors
  A deep troll earth mage (Depths:2)
  An orc high priest (Orc:2)
  3 spriggan berserkers (Depths:2)
  Sonja (Lair:2)
  Urug (D:11)
  A sixfirhy (Lair:6)
  6 shadow wraiths (Depths:1)
  A death drake (shapeshifter) (Depths:2)
  4 flayed ghosts (Depths:1)
  An unseen horror (D:10)
  A wizard (Lair:6)
  5 phantasmal warriors (Depths:1)
  9 hill giants
  5 orc knights
  4 orc sorcerers
  Pikel (D:7)
  A necromancer (Depths:2)
  A wolf spider (D:15)
  3 manticores
  A deep elf mage (D:12)
  10 ugly things
  5 cyclopes
  2 oklob plants
  A centaur zombie (D:14)
  An elephant (Lair:6)
  A torpor snail (Lair:3)
  A smoke demon (Lair:6)
  4 black mambas
  An eye of devastation (shapeshifter) (D:15)
  2 centaur skeletons
  4 orange demons (Lair:6)
  3 gargoyles
  5 spiny frogs
  3 kobold demonologists
  A komodo dragon (shapeshifter) (D:15)
  6 komodo dragons
  4 tengu conjurers
  3 rime drakes
  6 yaktaurs
  3 ice devils (Lair:6)
  A hellwing (Lair:6)
  6 trolls
  A red devil (Lair:6)
  2 trolls (shapeshifter)
  2 hornets
  A polar bear (Lair:6)
  A harpy zombie (D:15)
  A merfolk (D:15)
  11 slime creatures
  11 blink frogs
  10 dream sheep (Lair:6)
  13 hippogriffs
  6 shadows (Depths:1)
  Sigmund (D:6)
  A spriggan (shapeshifter) (Depths:2)
  15 wraiths
  3 air elementals (Depths:2)
  Eustachio (D:6)
  A water elemental (D:14)
  A vampire (D:11)
  A hog (Lair:4)
  4 wyverns
  43 yaks
  11 vampire mosquitoes
  3 basilisks
  2 hungry ghosts
  2 nagas (Lair:3)
  A mottled dragon (D:9)
  A warg (Orc:2)
  Edmund (D:6)
  13 water moccasins
  4 porcupines
  4 sky beasts
  38 orc warriors
  7 ice beasts
  A slave (D:7)
  8 phantoms
  A necrophage (D:10)
  5 black bears
  7 ogres
  27 centaurs
  9 wolves
  A boggart (Depths:2)
  20 crocodiles
  17 bullfrogs
  4 big kobolds
  2 gnoll sergeants (D:10)
  A wyvern skeleton (D:11)
  11 scorpions
  A water moccasin skeleton (D:9)
  20 killer bees
  13 wights
  5 electric eels (D:14)
  5 howler monkeys
  4 crimson imps
  2 quasits
  A bullfrog zombie (D:8)
  6 hounds
  Crazy Yiuf (D:7)
  A bullfrog skeleton (D:11)
  15 orc priests
  3 jellies
  24 orc wizards
  3 iguanas
  Natasha (thrice) (D:2)
  5 worker ants
  A hound skeleton (D:9)
  3 worker ant zombies
  12 gnolls
  13 adders
  3 shadow imps
  3 oozes
  An adder zombie (D:8)
  4 worms
  2 dart slugs
  2 leopard geckos
  80 orcs
  11 bats
  7 giant cockroaches
  9 goblins
  7 hobgoblins
  15 jackals
  20 kobolds
  4 quokkas
  A ball python (D:5)
  6 frilled lizards
  A leopard gecko skeleton (D:5)
  3 rats
  2 plants
869 creatures vanquished.

Vanquished Creatures (others)
  A very ugly thing (Depths:2)
  A yaktaur (D:13)
  An ice devil (Lair:6)
  2 humans (Lair:4)
  An orc warrior (Bailey)
  3 centaurs (D:14)
  A crocodile (Lair:6)
  An orc wizard (Orc:2)
  7 orcs (Bailey)
  A bush (Lair:6)
  13 fungi
  3 plants
35 creatures vanquished.

Grand Total: 904 creatures vanquished

Notes
Turn   | Place    | Note
-------+----------+-------------------------------------------
     0 | D:1      | HeyBub the Minotaur Fighter began the quest for the Orb.
     0 | D:1      | Reached XP level 1. HP: 19/19 MP: 0/0
   109 | D:1      | Reached XP level 2. HP: 13/27 MP: 1/1
   424 | D:2      | Reached XP level 3. HP: 29/33 MP: 2/2
   472 | D:2      | Noticed Natasha
   478 | D:2      | Killed Natasha
   478 | D:2      | Reached skill level 4 in Armour
   504 | D:2      | Reached XP level 4. HP: 23/40 MP: 3/3
   505 | D:2      | Noticed Natasha
   510 | D:2      | Killed Natasha
   517 | D:2      | Noticed Natasha
   525 | D:2      | Killed Natasha
   689 | D:2      | Found a glowing golden altar of the Shining One.
   689 | D:2      | Found an iron altar of Okawaru.
   690 | D:2      | Found an ancient bone altar of Kikubaaqudgha.
   820 | D:2      | Became a worshipper of Warmaster Okawaru
  1025 | D:3      | Reached skill level 5 in Shields
  1031 | D:3      | Reached XP level 5. HP: 46/47 MP: 4/4
  1278 | D:3      | Found a burning altar of Makhleb.
  1279 | D:3      | Found a radiant altar of Vehumet.
  1572 | D:4      | Noticed a phantom
  1596 | D:4      | Killed a phantom
  1596 | D:4      | Reached skill level 1 in Dodging
  1596 | D:4      | Reached XP level 6. HP: 12/53 MP: 5/5
  1816 | D:4      | Found a white marble altar of Elyvilon.
  1901 | D:4      | Reached * piety under Okawaru
  1901 | D:4      | Reached skill level 5 in Long Blades
  1901 | D:4      | Reached skill level 5 in Armour
  2127 | D:5      | Entered Level 5 of the Dungeon
  2127 | D:5      | Found a sparkling altar of Nemelex Xobeh.
  2138 | D:5      | Reached XP level 7. HP: 57/60 MP: 6/6
  2223 | D:5      | Reached skill level 6 in Armour
  2796 | D:5      | Reached ** piety under Okawaru
  2796 | D:5      | Reached skill level 5 in Fighting
  2826 | D:5      | Reached XP level 8. HP: 40/68 MP: 7/7
  2985 | D:5      | Reached skill level 1 in Stealth
  2992 | D:5      | Found a sparkling altar of Nemelex Xobeh.
  3055 | D:6      | Noticed Eustachio
  3100 | D:6      | Killed Eustachio
  3100 | D:6      | Reached skill level 7 in Armour
  3306 | D:6      | Noticed Sigmund
  3322 | D:6      | Killed Sigmund
  3322 | D:6      | Reached *** piety under Okawaru
  3469 | D:6      | Noticed Edmund
  3481 | D:6      | Killed Edmund
  3489 | D:6      | Found a staircase to the Ecumenical Temple.
  3507 | D:6      | Found a sand-covered staircase.
  3613 | D:6      | Reached XP level 9. HP: 75/75 MP: 8/8
  3854 | D:6      | Reached skill level 5 in Dodging
  4318 | D:6      | Found an opulent altar of Gozag.
  4318 | D:6      | Found a bloodstained altar of Trog.
  4323 | D:6      | Found a faded altar of an unknown god.
  4325 | D:6      | Found a faded altar of an unknown god.
  4326 | D:6      | Found a faded altar of an unknown god.
  4592 | D:7      | Found a runed door.
  4596 | D:7      | Noticed Crazy Yiuf
  4602 | D:7      | Killed Crazy Yiuf
  4807 | D:7      | Noticed Pikel
  4827 | D:7      | Killed Pikel
  4827 | D:7      | Reached **** piety under Okawaru
  4835 | D:7      | Found Tifen's Magic Scroll Emporium.
  5283 | D:8      | Noticed Erica
  5328 | D:8      | Reached XP level 10. HP: 44/86 MP: 9/9
  5336 | D:8      | Killed Erica
  5336 | D:8      | Reached ***** piety under Okawaru
  5463 | D:8      | Reached skill level 10 in Dodging
  5735 | D:8      | Reached skill level 1 in Invocations
  5765 | D:8      | Reached skill level 1 in Evocations
  5979 | D:8      | Noticed miculber's ghost (novice DsWn)
  6104 | D:8      | Killed miculber's ghost
  6200 | D:8      | Found a sparkling altar of Nemelex Xobeh.
  6515 | D:9      | Received a gift from Okawaru
  6807 | D:9      | Paralysed by a hornet for 3 turns
  7121 | D:9      | Reached skill level 5 in Invocations
  7429 | D:9      | Reached XP level 11. HP: 49/92 MP: 13/13
  7496 | D:9      | Found a staircase to the Orcish Mines.
  7791 | D:10     | Entered Level 10 of the Dungeon
  7844 | D:10     | Reached skill level 5 in Evocations
  8004 | D:10     | Noticed a hill giant
  8010 | D:10     | Killed a hill giant
  8073 | D:10     | Found a flagged portal.
  8073 | D:10     | Found Wisypocre's Book Emporium.
  8150 | Bailey   | Entered a bailey
  8446 | Bailey   | Noticed an orc knight
  8470 | Bailey   | Killed an orc knight
  8470 | Bailey   | Received a gift from Okawaru
  8486 | Bailey   | Got a faintly glowing hunting sling {god gift}
  8565 | D:10     | Identified the +5 hunting sling "Ziorolaph" {venom, rC+ MR+ Int+3 SInv} (Okawaru gifted it to you in a bailey)
  8771 | D:10     | Noticed an unseen horror
  8776 | D:10     | Killed an unseen horror
  9073 | D:10     | Reached ****** piety under Okawaru
  9118 | D:10     | Noticed a hill giant
  9132 | D:10     | Killed a hill giant
  9430 | D:10     | Noticed a cyan ugly thing
  9431 | D:10     | Noticed a purple ugly thing
  9444 | D:10     | Killed a purple ugly thing
  9446 | D:10     | HP: 2/92 [white ugly thing (35)]
  9450 | D:10     | Killed a white ugly thing
  9450 | D:10     | Received a gift from Okawaru
  9922 | D:11     | Reached skill level 1 in Slings
  9922 | D:11     | Reached XP level 12. HP: 100/100 MP: 18/18
 10263 | D:11     | Noticed Urug
 10267 | D:11     | Noticed Harold
 10278 | D:11     | Killed Urug
 10282 | D:11     | Killed Harold
 10282 | D:11     | Reached skill level 5 in Slings
 10349 | D:11     | Got a bloodstained war axe
 10410 | D:11     | Noticed a seven-headed hydra
 10416 | D:11     | Killed a nine-headed hydra
 10604 | D:11     | Found a staircase to the Lair.
 10679 | Lair:1   | Entered Level 1 of the Lair of Beasts
 10914 | Lair:1   | Found a labyrinth entrance.
 10921 | Lair:1   | Got a translucent chain mail
 10937 | Lab      | Entered a labyrinth
 11202 | Lab      | Noticed a minotaur
 11211 | Lab      | Killed a minotaur
 11211 | Lab      | Received a gift from Okawaru
 11219 | Lab      | Gained mutation: You tend to lose your temper in combat. [potion of mutation]
 11219 | Lab      | Gained mutation: You are robust. (+10% HP) [potion of mutation]
 11219 | Lab      | Gained mutation: You expend magic power (3 MP) to strengthen your wands. [potion of mutation]
 11230 | Lab      | Got a clouded iron ring
 11233 | Lab      | Identified the +4 war axe of Maik {holy, rElec} (You found it on level 11 of the Dungeon)
 11255 | Lair:1   | Identified the cursed +1 chain mail of the Pirate {+Inv rF+ Slay-4} (You found it on level 1 of the Lair of Beasts)
 11256 | Lair:1   | Identified the ring "Xigrupni" {MR+ Int+5} (You found it in a labyrinth)
 11267 | Lair:1   | Gained mutation: You are clumsy. (Dex -2) [potion of mutation]
 11703 | Lair:1   | Received a gift from Okawaru
 11807 | Lair:1   | Reached skill level 8 in Armour
 11824 | Lair:1   | Received a gift from Okawaru
 12082 | Lair:2   | Found a staircase to the Shoals.
 12196 | Lair:2   | Identified 3 scrolls of acquirement
 12201 | Lair:2   | Got a warped steel amulet
 12204 | Lair:2   | Identified the amulet "Woeff" {Harm *Drain +Inv rPois} (You acquired it on level 2 of the Lair of Beasts)
 12222 | Lair:2   | Received a gift from Okawaru
 12333 | Lair:2   | Got a smoking robe {god gift}
 12344 | Lair:2   | Identified the +2 robe "Plog" {+Fly rPois rF++ Dex-5} (Okawaru gifted it to you on level 2 of the Lair of Beasts)
 12377 | Lair:2   | Noticed a death yak
 12377 | Lair:2   | Noticed a death yak
 12378 | Lair:2   | Noticed a death yak
 12378 | Lair:2   | Noticed a death yak
 12379 | Lair:2   | Noticed a death yak
 12396 | Lair:2   | Killed a death yak
 12404 | Lair:2   | Killed a death yak
 12413 | Lair:2   | Killed a death yak
 12413 | Lair:2   | Reached skill level 10 in Shields
 12420 | Lair:2   | Killed a death yak
 12423 | Lair:2   | Killed a death yak
 12423 | Lair:2   | Reached XP level 13. HP: 46/117 MP: 19/19
 12883 | Lair:2   | Noticed Sonja
 12893 | Lair:2   | Killed Sonja
 12989 | Lair:3   | Reached skill level 10 in Long Blades
 13007 | Lair:3   | Noticed Fannar
 13026 | Lair:3   | Killed Fannar
 13354 | Lair:3   | Found a staircase to the Snake Pit.
 13445 | Lair:3   | Received a gift from Okawaru
 13466 | Lair:3   | Received a gift from Okawaru
 13817 | Lair:3   | Got a transparent shield
 13828 | Lair:3   | Identified the +5 shield of Fortification {*Slow rC++ Int+5} (You found it on level 3 of the Lair of Beasts)
 13881 | Lair:3   | You fall through a shaft!
 13881 | Lair:4   | Noticed Snorg
 13885 | Lair:4   | Noticed Kirke
 13903 | Lair:4   | Killed Snorg
 13909 | Lair:4   | Killed Kirke
 13909 | Lair:4   | Received a gift from Okawaru
 14747 | Lair:4   | Reached skill level 10 in Slings
 15565 | Lair:5   | Lost mutation: You tend to lose your temper in combat. [potion of cure mutation]
 15565 | Lair:5   | Lost mutation: You are robust. (+10% HP) [potion of cure mutation]
 15565 | Lair:5   | Lost mutation: You are clumsy. (Dex -2) [potion of cure mutation]
 15565 | Lair:5   | Lost mutation: You expend magic power (3 MP) to strengthen your wands. [potion of cure mutation]
 15671 | Lair:5   | Reached skill level 9 in Armour
 15881 | Lair:5   | Got a pair of dazzling boots
 15887 | Lair:5   | Identified the cursed -3 pair of boots "Dinlawke" {Str+3 Dex+7} (You found it on level 5 of the Lair of Beasts)
 16224 | Lair:6   | Entered Level 6 of the Lair of Beasts
 16252 | Lair:6   | Reached XP level 14. HP: 105/119 MP: 11/20
 16425 | Lair:6   | Received a gift from Okawaru
 16435 | Lair:6   | Noticed Josephine
 16438 | Lair:6   | Found a viscous altar of Jiyva.
 16438 | Lair:6   | Found a staircase to the Slime Pits.
 16444 | Lair:6   | Killed Josephine
 16657 | Lair:6   | Reached skill level 10 in Fighting
 17045 | Lair:6   | Found a burning altar of Makhleb.
 17095 | Lair:6   | Found a gateway to Hell.
 17301 | Lair:6   | Received a gift from Okawaru
 18121 | D:12     | Reached skill level 10 in Armour
 18121 | D:12     | Reached skill level 15 in Shields
 18436 | Orc:1    | Entered Level 1 of the Orcish Mines
 18818 | Orc:2    | Entered Level 2 of the Orcish Mines
 19002 | Orc:2    | Noticed an orc warlord
 19038 | Orc:2    | Killed an orc warlord
 19060 | Orc:2    | Found a roughly hewn altar of Beogh.
 19066 | Orc:2    | Reached XP level 15. HP: 111/128 MP: 14/21
 19069 | Orc:2    | Reached skill level 10 in Evocations
 19082 | Orc:2    | Found Roelead's Antique Weapon Shop.
 19086 | Orc:2    | Found Zeonus's Antique Armour Shop.
 19106 | Orc:2    | Found Seumoleu's General Store.
 19162 | Orc:2    | Bought a slimy chain mail for 323 gold pieces
 19162 | Orc:2    | Bought a sapphire-encrusted ring mail for 306 gold pieces
 19194 | Orc:2    | Bought a scroll of enchant weapon for 120 gold pieces
 19214 | Orc:2    | Found a staircase to the Elven Halls.
 19417 | Orc:2    | Noticed HeyBub's ghost (journeyman MiFi)
 19432 | Orc:2    | Killed HeyBub's ghost
 19533 | Orc:2    | Found Siotunn's Jewellery Shop.
 19539 | Orc:2    | Bought the ring of Egomania {MR- Str+3 Dex+4 Slay+5} for 742 gold pieces
 19539 | Orc:2    | Bought a +6 amulet of reflection for 325 gold pieces
 19543 | Orc:2    | Identified the +8 chain mail of the Doge {rElec Str+7 Int-2} (You bought it in a shop on level 2 of the Orcish Mines)
 19544 | Orc:2    | Identified the +1 ring mail "Higuon" {rC- Dex+6} (You bought it in a shop on level 2 of the Orcish Mines)
 19938 | D:13     | Found a gate to the Vaults.
 20051 | D:13     | Received a gift from Okawaru
 20249 | D:13     | Found a large runed door.
 20249 | D:13     | Found a large runed door.
 20347 | D:13     | Received a gift from Okawaru
 20348 | D:13     | Got a jewelled scimitar {god gift}
 20357 | D:13     | Identified the +9 scimitar of the Special Beds {slice, rElec rPois rC- MR+++ SInv} (Okawaru gifted it to you on level 13 of the Dungeon)
 20862 | D:14     | Got a pair of steaming boots
 20982 | D:15     | Entered Level 15 of the Dungeon
 21215 | D:15     | Found a staircase to the Depths.
 21246 | D:15     | Received a gift from Okawaru
 21274 | D:15     | Found a sacrificial altar of Ru.
 21612 | D:15     | Received a gift from Okawaru
 22000 | Depths:1 | Entered Level 1 of the Depths
 22052 | Depths:1 | Identified the +1 pair of boots "Loqaidgh" {rN+} (You found it on level 14 of the Dungeon)
 22176 | Depths:1 | Found a glowing golden altar of the Shining One.
 22219 | Depths:1 | Received a gift from Okawaru
 22228 | Depths:1 | Found Dilanuepn's Hallowed Reliquary.
 22258 | Depths:1 | Noticed Mara
 22273 | Depths:1 | Reached XP level 16. HP: 94/141 MP: 20/22
 22278 | Depths:1 | Noticed HeyBub's illusion
 22283 | Depths:1 | Killed Mara
 22283 | Depths:1 | Received a gift from Okawaru
 22288 | Depths:1 | Gained mutation: Your magical capacity is low. (-10% MP) [mutagenic glow]
 22357 | Depths:1 | Bought a wand of heal wounds (6/9) for 720 gold pieces
 22371 | Depths:1 | Reached skill level 11 in Armour
 22798 | Depths:1 | Reached skill level 12 in Armour
 22884 | Depths:1 | Reached skill level 13 in Armour
 22960 | Depths:1 | Reached skill level 14 in Armour
 22988 | Depths:1 | Noticed Jory
 23013 | Depths:1 | Killed Jory
 23013 | Depths:1 | Reached skill level 15 in Armour
 23248 | Depths:1 | Reached skill level 16 in Armour
 23342 | Depths:1 | Received a gift from Okawaru
 23343 | Depths:1 | Got a pair of transparent gloves {god gift}
 23354 | Depths:1 | Identified the +0 pair of gloves of the Doge {rPois rF+ MR+} (Okawaru gifted it to you on level 1 of the Depths)
 23376 | Depths:1 | Reached skill level 17 in Armour
 23532 | Depths:1 | Got an encrusted scale mail
 23543 | Depths:1 | Identified the +5 scale mail of Omycaops {rElec rCorr Stlth-} (You found it on level 1 of the Depths)
 23783 | Depths:2 | Noticed a tengu reaver
 23789 | Depths:2 | Killed a tengu reaver
 23789 | Depths:2 | Reached skill level 18 in Armour
 23810 | Depths:2 | Found a hazy altar of Hepliaklqana.
 23810 | Depths:2 | Found a shimmering altar of Xom.
 23811 | Depths:2 | Found a sacrificial altar of Ru.
 23827 | Depths:2 | Noticed a sphinx
 23832 | Depths:2 | Killed a sphinx
 24054 | Depths:2 | Noticed a titan
 24064 | Depths:2 | Killed a titan
 24092 | Depths:2 | Reached XP level 17. HP: 63/148 MP: 12/21
 24097 | Depths:2 | Reached skill level 19 in Armour
 24436 | Depths:2 | Received a gift from Okawaru
 24462 | Depths:2 | Noticed a tentacled monstrosity
 24470 | Depths:2 | Killed a tentacled monstrosity
 24515 | Depths:2 | Reached skill level 20 in Armour
 24563 | Depths:2 | Noticed a tentacled monstrosity
 24575 | Depths:2 | Killed a tentacled monstrosity
 24590 | Depths:2 | Noticed a juggernaut
 24597 | Depths:2 | Slain by a juggernaut

Skill      XL: |  1  2  3  4  5  6  7  8  9 10 11 12 13 14 15 16 17 |
---------------+----------------------------------------------------+-----
Shields        | 4 5 6 7 10 13 15 17 18 | 18.2
Fighting       | 4 5 7 8 9 10 12 | 12.4
Long Blades    | 3 4 5 6 8 9 10 12 | 12.9
Armour         | 4 5 6 7 8 9 10 18 20 | 20.3
Dodging        | 1 2 4 8 10 | 10.8
Stealth        | 1 |  1.0
Invocations    | 5 7 8 |  8.0
Evocations     | 4 9 10 | 10.0
Slings         | 1 9 10 11 13 | 13.3

Action                   |  1- 3 |  4- 6 |  7- 9 | 10-12 | 13-15 | 16-18 || total
-------------------------+-------+-------+-------+-------+-------+-------++-------
Melee: Long sword        |    84 |   171 |   395 |   860 |   386 |       ||  1896
       Headbutt          |    12 |    35 |    88 |   180 |   132 |    97 ||   544
       Scimitar          |       |       |       |       |    17 |   251 ||   268
 Fire: Hunting sling     |       |       |       |   191 |   970 |    90 ||  1251
Throw: Tomahawk          |       |       |       |     8 |       |       ||     8
Invok: Heroism           |       |       |     2 |    11 |     7 |     7 ||    27
       Finesse           |       |       |       |     2 |     6 |     5 ||    13
 Abil: Evoke Invisibilit |       |       |       |     1 |    12 |     6 ||    19
Evoke: Wand              |       |       |       |    19 |       |       ||    19
  Use: Potion            |       |     1 |     2 |    21 |     6 |     5 ||    35
       Scroll            |       |       |     9 |    24 |    16 |     3 ||    52
 Stab: Held in net/web   |       |       |     3 |       |       |       ||     3
       Invisible         |       |       |     2 |     7 |    54 |    13 ||    76
       Distracted        |       |       |       |       |       |     1 ||     1
  Eat: Fruit             |       |     2 |       |       |     5 |     2 ||     9
       Bread ration      |       |     1 |     1 |     3 |       |       ||     5
       Meat ration       |       |       |     1 |       |     6 |     1 ||     8
       Beef jerky        |       |       |       |     8 |     3 |       ||    11
       Pizza             |       |       |       |       |       |     1 ||     1
Armor: Scale mail        |    42 |    64 |    91 |       |    38 |       ||   235
       Plate armour      |       |       |    64 |   348 |    85 |       ||   497
       Skin              |       |       |       |    44 |       |       ||    44
       Chain mail        |       |       |       |    48 |    17 |    31 ||    96
Dodge: Dodged            |    19 |    40 |   122 |   321 |   266 |    73 ||   841
Block: Shield            |    46 |    78 |   241 |   626 |   362 |   206 ||  1559
       Reflection        |       |       |       |    36 |    32 |       ||    68
       Large shield      |       |       |       |    34 |   264 |       ||   298
       Rpst.: Long sword |     5 |     8 |    30 |    71 |    29 |       ||   143
       Scimitar          |       |       |       |       |       |     9 ||     9
